 Dungeon Crawl Stone Soup version 0.18.1-50-g88ac8fd (webtiles) character file.

11 Amnesiac the Skirmisher (level 2, -3/18 HPs)
             Began as a Deep Elf Fighter on Mar 2, 2018.
             Slain by a gnoll
             ... wielding a +0 whip
              (8 damage)
             ... on level 2 of the Dungeon.
             The game lasted 00:00:34 (50 turns).

Amnesiac the Skirmisher (Deep Elf Fighter)            Turns: 50, Time: 00:00:35

Health: -3/18      AC:  6    Str: 18    XL:     2   Next: 13%
Magic:  4/4        EV:  6    Int: 12    God:
Gold:   11         SH:  9    Dex: 14    Spells: 0 memorised, 1 level left

rFire  . . .     SeeInvis .     a - +0 rapier
rCold  . . .     Gourm    .     b - +0 scale mail
rNeg   . . .     Faith    .     c - +0 shield
rPois  .         Spirit   .     (no helmet)
rElec  .         Dismiss  .     (no cloak)
rCorr  .         Reflect  .     (no gloves)
SustAt .         Harm     .     (no boots)
MR     .....                    (no amulet)
Stlth  ..........               (no ring)
                                (no ring)

@: mighty, not resistant to hostile enchantments, extremely unstealthy
A: no striking features
a: no special abilities


You were on level 2 of the Dungeon.
You were not hungry.

You visited 1 branch of the dungeon, and saw 2 of its levels.

You collected 11 gold pieces.

Inventory:

Hand Weapons
 a - a +0 rapier (weapon)
Armour
 b - a +0 scale mail (worn)
 c - a +0 shield (worn)
Scrolls
 e - a scroll of teleportation {!r, unknown}
Comestibles
 f - a bread ration


   Skills:
 + Level 2.9 Fighting
 - Level 2.0 Short Blades
 - Level 2.4 Armour
 - Level 2.4 Shields


You had one spell level left.
You didn't know any spells.

Dungeon Overview and Level Annotations

Branches:
Dungeon (2/15)

Altars:


Message History

Welcome, Amnesiac the Deep Elf Fighter.
Will you prevail where others failed? Will you find the Orb of Zot?
Press ? for a list of commands and other information.
Found a staircase leading out of the dungeon.
As you open the door, it creaks loudly!
There is an open door here.
Found 29 stones.
You now have 11 gold pieces.
Found a stone staircase leading down.
e - a scroll labeled ETA OMMUVA {!r} You see here 29 stones.
There is a stone staircase leading down here.
You climb downwards.
A worm and a goblin come into view.
The goblin shouts!
You hear a shout! x2
Found a scroll labeled IMUASM ELOJASU.
There is a stone staircase leading up here.
You closely miss the goblin. The goblin hits you but does no damage.
You closely miss the goblin.
An adder comes into view.
A goblin comes into view. It is wielding a dagger.
The goblin barely misses you. The goblin hits you but does no damage.
You closely miss the goblin. The goblin closely misses you.
The goblin hits you but does no damage.
A gnoll comes into view. It is wielding a whip.
You hit the goblin.
You kill the goblin!
You block the goblin's attack.
You see here a dagger.
Drink which item? (? for menu, Esc to quit)
Really quaff
d - a potion of might {!q}?
You feel very mighty all of a sudden. The adder bites you.
The adder barely misses you.
A gnoll comes into view. It is wielding a club.
You barely miss the adder.
The gnoll shouts!
The adder bites you but does no damage.
You barely miss the adder. The adder bites you but does no damage.
The adder bites you.
You barely miss the adder. You block the adder's attack.
You barely miss the adder. The adder barely misses you. x2
You miss the adder. The adder bites you but does no damage.
Your shield and scale mail prevent you from hitting the adder.
You block the adder's attack. x2
You puncture the adder!
You kill the adder!
You have reached level 2!
The goblin completely misses you.
You barely miss the goblin. The goblin hits you.
You barely miss the goblin. You block the goblin's attack.
You puncture the goblin!
You kill the goblin!
A gnoll comes into view. It is wielding a whip.
The gnoll shouts!
You puncture the gnoll!
The gnoll is almost dead.
The gnoll hits you with a whip!
* * * LOW HITPOINT WARNING * * *
The gnoll hits you with a whip!
You die...

##. # .. ..
#. #...##.##
........#
#...##..####
.......gg@.#
...##.w##.#
#.....g.<#.#
....##...#.#
#.# #...#.#
# #......
##..### ....
?..#


You could see a worm and 3 gnolls.

Vanquished Creatures
  An adder (D:2)
  2 goblins (D:2)
3 creatures vanquished.

Notes
Turn   | Place    | Note
--------------------------------------------------------------
     0 | D:1      | Amnesiac the Deep Elf Fighter began the quest for the Orb.
     0 | D:1      | Reached XP level 1. HP: 13/13 MP: 3/3
    46 | D:2      | Reached XP level 2. HP: 15/18 MP: 4/4
    50 | D:2      | Slain by a gnoll

Action                   || total
-------------------------++-------
Melee: Rapier            ||    15
  Use: Potion            ||     1
Armor: Scale mail        ||     6
Dodge: Dodged            ||     6
Block: Shield            ||     5
